 Dungeon Crawl Stone Soup version 0.28.0-45-g0d030f2227 (webtiles) character file.

Game seed: 7850235837306335844

4 NinjaNoafa the Skirmisher (level 1, -2/28 HPs)
             Began as a Draconian Berserker on Apr 2, 2022.
             Was a Follower of Trog.
             Slain by a hobgoblin (3 damage)
             ... on level 1 of the Dungeon.
             The game lasted 00:01:37 (123 turns).

NinjaNoafa the Skirmisher (Draconian Berserker)      Turns: 123, Time: 00:01:37

Health: -2/28      AC:  4    Str: 19    XL:     1   Next: 50%
Magic:  1/1        EV: 12    Int:  7    God:    Trog [*.....]
Gold:   0          SH:  0    Dex: 10    Spells: 0/0 levels left

rFire   . . .      SeeInvis .   a - +1 mace
rCold   . . .      Faith    .   (no shield)
rNeg    . . .      Spirit   .   (armour unavailable)
rPois   .          Reflect  .   (helmet restricted)
rElec   .          Harm     .   (no cloak)
rCorr   .          Rampage  .   (no gloves)
Will    .....                   (no boots)
Stlth   ..........              (no amulet)
HPRegen 0.09/turn               (no ring)
MPRegen 0.07/turn               (no ring)

@: berserking, very quick
A: AC +4, unfitting armour, cold-blooded
a: Renounce Religion, Berserk


You were on level 1 of the Dungeon.
You worshipped Trog.
Trog was aware of your devotion.
You visited 1 branch of the dungeon, and saw 1 of its levels.

Inventory:

Hand Weapons
 a - a +1 mace (weapon)


   Skills:
 * Level 3.4 Fighting
 * Level 3.1 Maces & Flails
 * Level 2.7 Dodging
 + Level 0.0 Stealth


You couldn't memorise any spells.
You didn't know any spells.
Your spell library was empty.

Dungeon Overview and Level Annotations

Branches:
Dungeon (1/15)

Altars:


Innate Abilities, Weirdness & Mutations

Your plain brown scales are hard. (AC +4)
You cannot fit into any form of body armour.
You are cold-blooded and may be slowed by cold attacks.


Message History

Trog accepts your kill.
The bat hits the plant. x2; The jackal misses you.
The kobold hits you with a +0 whip.
The bat hits the plant.
The hobgoblin hits you but does no damage.
The jackal bites you. The jackal misses you. The kobold barely misses you.
You hit the hobgoblin.
The hobgoblin is moderately wounded.
The bat hits the plant. x3; The hobgoblin hits you.
The jackal barely misses you. The jackal bites you.
The bat hits the plant.
The kobold closely misses you. The jackal barely misses you.
The hobgoblin hits you.
You closely miss the jackal.
A nearby plant withers and dies.
The jackal bites you but does no damage.
The jackal completely misses you. The jackal barely misses you.
The jackal bites you but does no damage.
The kobold closely misses you. The hobgoblin barely misses you.
You aren't carrying any scrolls.
You aren't carrying any potions.
You miss the jackal. You tail-slap the jackal.
The jackal is heavily wounded.
The jackal closely misses you. The jackal barely misses you.
The jackal closely misses you. The kobold barely misses you.
The jackal misses you. The hobgoblin barely misses you.
The jackal closely misses you. x2
A red film seems to cover your vision as you go berserk!
You feel yourself moving faster!
You feel mighty! The jackal closely misses you.
The jackal bites you but does no damage.
The kobold hits you but does no damage. The jackal barely misses you.
The hobgoblin hits you.
* * * LOW HITPOINT WARNING * * *
You closely miss the jackal.
Your tail-slap misses the jackal.
The jackal is moderately wounded.
The jackal bites you but does no damage.
The jackal closely misses you. The jackal bites you.
* * * LOW HITPOINT WARNING * * *
The kobold hits you with a +0 whip.
* * * LOW HITPOINT WARNING * * *
The hobgoblin hits you.
You die...

≈.≈≈≈≈≈...
≈≈≈K♣≈≈≈♣.#
≈≈≈≈≈≈.≈≈P#
≈≈≈≈≈≈≈≈P#
≈≈≈≈.≈.≈..#
..≈♣≈♣≈hb.#
......♣Kgh#
......gh@.#
###.###h#.#
##.#.# #
#..#.# #.
#.##.####
#.##.##....^
#.......#####.
###...........
#..#.#.#.#..


You could see 4 jackals, 2 hobgoblins, a bat and 2 kobolds.

Vanquished Creatures
  2 endoplasms (D:1)
  A kobold (D:1)
3 creatures vanquished.

Vanquished Creatures (others)
  A plant (D:1)
1 creature vanquished.

Grand Total: 4 creatures vanquished

Notes
Turn   | Place    | Note
-------+----------+-------------------------------------------
     0 | D:1      | NinjaNoafa the Draconian Berserker began the quest for the
                  | Orb.
     0 | D:1      | Reached XP level 1. HP: 19/19 MP: 1/1
   123 | D:1      | HP: 1/28 [kobold/+0 whip (5)]
   123 | D:1      | Slain by a hobgoblin

Illustrated notes

Levels and vault maps discovered:
D:1:      saegor_arrival_simple_d, layout_loops_ring, serial_glass,
          glass_columns_b, glass_columns_c, basic_ecumenical_altar,
          serial_bayou_pond_b, chequers_serial_rivers_room_b,
          nicolae_figureground_sparkle

Action                   || total
-------------------------++-------
Melee: Mace              ||    11
       Tailslap          ||     3
Invok: Berserk           ||     2
  Use: Scroll            ||     1
Armor: Skin              ||    12
Dodge: Dodged            ||    39
